 Dungeon Crawl Stone Soup version 0.20.1-1-g8b1a95d (webtiles) character file.

212113 kae the Black Belt (level 18, 0/147 HPs)
             Began as a Demonspawn Gladiator on Sept 9, 2017.
             Was a High Priest of Okawaru.
             Slain by a ghost moth (7 damage)
             ... on level 4 of the Spider Nest.
             The game lasted 01:19:29 (50912 turns).

kae the Black Belt (Demonspawn Gladiator)          Turns: 50912, Time: 01:19:30

Health: 0/147      AC: 25    Str: 13 (14) XL:     18   Next: 23%
Magic:  0/27       EV: 22    Int: 12      God:    Okawaru [*****.]
Gold:   3273       SH:  0    Dex: 22 (26) Spells: 17/17 levels left

rFire    + + +     SeeInvis .     - Unarmed
rCold    . . .     Gourm    .   (no shield)
rNeg     . . .     Faith    .   O - +5 scale mail of Okawaru's Envy {rElec rPois rF++ Stlth+}
rPois    +         Spirit   +   B - +2 hat
rElec    +         Reflect  .   M - +2 cloak {+Inv}
rCorr    .         Harm     .   (no gloves)
MR       +....                  u - +2 pair of boots
Stlth    ++++......             o - amulet of rage
Regen    0.4/turn               Z - +5 ring of dexterity
MPRegen  0.4/turn               H - ring of the Will of the Gods {Wiz rF+ Stlth+}

@: heroism
A: antennae 2, iridescent scales 2, fire resistance 1, ignite blood, magic
shield, magic regeneration, magic link, flame cloud immunity
}: 1/15 runes: gossamer
a: Heroism, Finesse, Renounce Religion, Evoke Berserk Rage, Evoke Invisibility


You were on level 4 of the Spider Nest.
You worshipped Okawaru.
Okawaru was extremely pleased with you.
You were very hungry.

You visited 4 branches of the dungeon, and saw 27 of its levels.
You also visited: Labyrinth, Ice Cave and Volcano.

You collected 3471 gold pieces.
You spent 198 gold pieces at shops.

Inventory:

Missiles
 c - 2 throwing nets (quivered)
Armour
 h - the scarf of the Bagpipe {-Tele MR+ Str+2}
   (Okawaru gifted it to you on level 1 of the Spider Nest)

   It affects your strength (+2).
   It affects your resistance to hostile enchantments.
   It prevents most forms of teleportation.
 u - a +2 pair of boots (worn)
 B - a +2 hat (worn)
 M - a +2 cloak of invisibility (worn)
 O - the +5 scale mail of Okawaru's Envy (worn) {rElec rPois rF++ Stlth+}
   (Okawaru gifted it to you in an ice cave)

   It greatly protects you from fire.
   It insulates you from electricity.
   It protects you from poison.
   It makes you more stealthy.
 U - the +1 scale mail of Xevucuf {rCorr Str+2 Int+6 Stlth-}
   (Okawaru gifted it to you on level 12 of the Dungeon)

   It affects your strength (+2).
   It affects your intelligence (+6).
   It protects you from acid and corrosion.
   It makes you less stealthy.
Jewellery
 o - an amulet of rage (around neck)
 v - an uncursed ring of protection from cold
 w - an uncursed ring of protection from fire
 y - an uncursed ring of positive energy
 E - the amulet of the Air {Inacc +Fly rElec EV+5 RMsl}
   (You found it on level 5 of the Dungeon)

   [amulet of inaccuracy]

   It reduces the accuracy of all your attacks.
   It affects your evasion (+5).
   It insulates you from electricity.
   It lets you fly.
   It protects you from missiles.
 F - an uncursed amulet of regeneration
 H - the ring of the Will of the Gods (right hand) {Wiz rF+ Stlth+}
   (You acquired it on level 14 of the Dungeon)

   [ring of wizardry]

   It improves your spell success rate.
   It protects you from fire.
   It makes you more stealthy.
 Q - an uncursed ring of positive energy
 X - an uncursed ring of protection from cold
 Z - a +5 ring of dexterity (left hand)
Wands
 f - a wand of enslavement (17/24)
 n - a wand of digging (8/24)
 t - a wand of confusion (33/48)
 A - a wand of paralysis (10/24)
 P - a wand of digging (19/24)
 S - a wand of clouds (0/9)
Scrolls
 a - 3 scrolls of enchant weapon
 e - 14 scrolls of remove curse
 j - 5 scrolls of recharging
 p - 6 scrolls of enchant armour
 r - 15 scrolls of identify
 s - 8 scrolls of teleportation
 T - a scroll of blinking
Potions
 b - 3 potions of haste
 k - 6 potions of curing
 l - 6 potions of agility
 q - 2 potions of berserk rage
 z - 3 potions of resistance
 C - 2 potions of flight
 D - 3 potions of heal wounds
 I - 3 potions of cancellation
 K - a potion of brilliance
 N - a potion of invisibility
 W - a potion of might
Books
 L - a book of Clouds

   Spells                             Type                      Level
   a - Poisonous Vapours              Poison/Air                   2
   b - Mephitic Cloud                 Conjuration/Poison/Air       3
   c - Conjure Flame                  Conjuration/Fire             3
   d - Freezing Cloud                 Conjuration/Ice/Air          6
   e - Ring of Flames                 Charms/Fire                  7
Comestibles
 d - 14 bread rations
 g - 22 meat rations
 m - 29 fruits
 J - 15 royal jellies


   Skills:
 + Level 14.3(19.3) Fighting
 - Level 1.7(6.7) Throwing
 + Level 3.1(8.1) Armour
 + Level 12.2(17.2) Dodging
 * Level 18.7(23.7) Unarmed Combat
 - Level 10.6 Invocations
 - Level 13.0 Evocations


You had 17 spell levels left.
You didn't know any spells.

Dungeon Overview and Level Annotations

Branches:
Dungeon (15/15)            Temple (0/1) D:7            Lair (6/6) D:11
  Swamp (0/4) Lair:4       Spider (4/4) Lair:4        Slime (0/5) Lair:6
    Orc (2/2) D:12            Elf (0/3) Orc:2        Vaults (0/5) D:13
 Depths (0/5) D:15

Altars:
Ashenzari
Cheibriados
Fedhas
Kikubaaqudgha
Makhleb
Nemelex Xobeh
Okawaru
Qazlal
Uskayaw
Xom
The Shining One
Beogh
Jiyva

Shops:
D:7 %=[*   D:12 [   D:14 *[[   Orc:1 %   Orc:2 (*[=


Innate Abilities, Weirdness & Mutations

You have a pair of antennae on your head.
You are mostly covered in iridescent scales. (AC +4)
Your flesh is heat resistant. (rF+)
Your demonic aura causes spilled blood to erupt in flames.
When hurt, damage is shared between your health and your magic reserves.
You regenerate magic rapidly.
When low on magic, you restore magic in place of health.
You are immune to clouds of flame.


Message History

Something closely misses you. Something barely misses you.
Something stings you.
* * * LOW HITPOINT WARNING * * *
You feel better.
You feel you are being watched by something.
You feel your power leaking away. Something misses you.
Something completely misses you.
Something stings you but does no damage.
Evoke which item? (* to show all) (? for menu, Esc to quit)
Aiming: Cloud Cone (will waste charges)
Press: ? - help, Dir - move target cursor You create a blast of freezing vapour!
Evoking this partially-identified wand wasted a few charges.
Something hits you!
* * * LOW HITPOINT WARNING * * *
Something hits you!
* * * LOW HITPOINT WARNING * * *
You feel clumsy. Something stings you!
You die...

?.,*.........#...#### #....).#
^,*#.........##...## ##..^..#
.*#...........##.†.# ##...##
##...#.....#§§§##..# ###..###
#...###...###§§.#..# #..^..#
.§...#.....#§§§§...# #^...###
§......[...§§§§§...####..##.##
.............§§{§§..##^..#s..#
....#.......#..§@#..##......^#
...###....s###.§.#..##...^.###
#...#.......#...##..##......#
#...............#...##^.†..##
#...#.......#...##..##...###
...###.....###...#..##...#
s...#.......#....#..##...#
....................##..##
...................###...#


There were no monsters in sight!

Vanquished Creatures
  Arachne (Spider:4)
  Donald (Spider:2)
  A frost giant (IceCv)
  An orc warlord (Orc:2)
  2 ghost moths (Spider:4)
  2 emperor scorpions (Spider:4)
  3 entropy weavers
  2 slime creatures (D:15)
  A red draconian (Volcano)
  3 spark wasps
  A minotaur (Lab)
  2 fire dragons
  A yaktaur captain (D:15)
  An ogre mage (D:15)
  10 hydras
  The ghost of Haldmier the Zephyrmancer, a journeyman TeAE of Vehumet (Volcano)
  2 dancing weapons (D:13)
  A centaur warrior (Volcano)
  10 two-headed ogres
  2 tengu warriors
  2 death yaks (IceCv)
  An orc high priest (Orc:2)
  A deep elf knight (D:15)
  2 unseen horrors (D:12)
  A swamp dragon (Lair:6)
  5 orc knights
  A harpy (shapeshifter) (D:11)
  The ghost of Vidiiot the Martial Artist, a novice DsSk of Cheibriados (D:8)
  29 orb spiders
  3 cyclopes
  An oklob plant (Lair:6)
  7 orc sorcerers
  2 wolf spider zombies
  15 ugly things
  2 manticores (D:15)
  27 wolf spiders
  9 elephants (Lair:6)
  A guardian serpent (shapeshifter) (D:15)
  5 moths of wrath
  An ice statue (IceCv)
  2 molten gargoyles (Volcano)
  9 black mambas
  10 spiny frogs
  3 torpor snails
  A guardian serpent (Lair:6)
  A gargoyle (D:14)
  7 rime drakes
  2 yaktaurs (D:15)
  7 demonic crawlers
  21 komodo dragons
  8 kobold demonologists
  A redback zombie (D:15)
  A tengu conjurer (D:15)
  40 jumping spiders
  2 tyrant leeches (Lair:4)
  6 trolls
  15 polar bears
  8 hornets
  19 hippogriffs
  2 dream sheep (D:8)
  Grinder (D:3)
  16 blink frogs
  54 redbacks
  27 tarantellas
  18 wyverns
  3 wraiths
  2 vampires
  10 basilisks
  3 water elementals (D:12)
  2 fire bats (Volcano)
  76 yaks
  13 vampire mosquitoes
  2 chaos spawn (D:15)
  3 steam dragons
  4 hungry ghosts (Lab)
  8 wargs
  3 acid dragons
  A soldier ant (D:12)
  2 hell hounds (D:15)
  24 water moccasins
  5 porcupines
  3 swamp drakes
  36 orc warriors
  A sky beast (D:11)
  5 ice beasts
  An eye of draining (D:13)
  2 black bears
  2 phantoms
  16 ogres
  3 necrophages
  14 wolves
  15 centaurs
  15 crocodiles
  11 big kobolds
  13 bullfrogs
  2 gnoll sergeants
  10 scorpions
  10 killer bees
  28 wights
  2 howler monkeys (D:6)
  9 crimson imps
  7 lava snakes (Volcano)
  5 electric eels
  A bullfrog zombie (D:6)
  8 hounds
  A quasit (D:11)
  3 centaur zombies
  20 orc priests
  5 jellies
  3 bullfrog skeletons
  Crazy Yiuf (D:3)
  42 orc wizards
  Terence (D:2)
  4 centaur skeletons
  An iguana (Lair:6)
  16 worker ants
  2 hound skeletons
  A howler monkey skeleton (D:10)
  19 gnolls
  14 adders
  8 shadow imps
  An adder zombie (D:6)
  2 adder skeletons
  4 worms
  2 dart slugs
  4 leopard geckos
  85 orcs
  2 ball pythons
  11 giant cockroaches
  4 goblins
  5 hobgoblins
  10 jackals
  70 kobolds
  5 quokkas
  7 bats
  2 frilled lizards
  A jackal skeleton (D:8)
  A jackal zombie (D:8)
  A quokka skeleton (D:4)
  11 rats
  5 fungi
  8 plants
1207 creatures vanquished.

Vanquished Creatures (collateral kills)
  2 jumping spiders (Spider:4)
  A redback (Spider:4)
3 creatures vanquished.

Vanquished Creatures (others)
  A wolf spider (Spider:2)
  3 polar bears (IceCv)
  A hornet (Spider:4)
  A yak (IceCv)
  5 wolves (IceCv)
  29 fungi
  48 plants
88 creatures vanquished.

Grand Total: 1298 creatures vanquished

Notes
Turn   | Place    | Note
-------+----------+-------------------------------------------
     0 | D:1      | kae the Demonspawn Gladiator began the quest for the Orb.
     0 | D:1      | Reached XP level 1. HP: 16/16 MP: 1/1
   123 | D:1      | Found a shattered altar of Ashenzari.
   273 | D:1      | Reached skill level 3 in Unarmed Combat
   566 | D:1      | Gained mutation: You are partially covered in iridescent scales. (AC +2) [demonic ancestry]
   566 | D:1      | Reached XP level 2. HP: 22/22 MP: 2/2
  1164 | D:2      | Found a snail-covered altar of Cheibriados.
  1175 | D:2      | Found a glowing golden altar of the Shining One.
  1217 | D:2      | HP: 1/23 [poisoned by an adder]
  1221 | D:2      | Gained mutation: Your flesh is heat resistant. (rF+) [demonic ancestry]
  1221 | D:2      | Reached XP level 3. HP: 9/28 MP: 3/3
  2471 | D:3      | Reached skill level 4 in Unarmed Combat
  2471 | D:3      | Reached XP level 4. HP: 35/35 MP: 4/4
  2921 | D:3      | Noticed Terence
  2940 | D:2      | Killed Terence
  2940 | D:2      | Gained mutation: You are immune to clouds of flame. [demonic ancestry]
  2940 | D:2      | Reached XP level 5. HP: 41/41 MP: 5/5
  3567 | D:3      | Found a runed door.
  3665 | D:3      | Found a shimmering altar of Xom.
  3687 | D:3      | Noticed Grinder
  3700 | D:3      | Killed Grinder
  3700 | D:3      | Reached skill level 5 in Unarmed Combat
  3700 | D:3      | Gained mutation: You are mostly covered in iridescent scales. (AC +4) [demonic ancestry]
  3700 | D:3      | Reached XP level 6. HP: 48/48 MP: 6/6
  4334 | D:3      | Noticed Crazy Yiuf
  4599 | D:3      | Killed Crazy Yiuf
  4812 | D:4      | Reached skill level 6 in Unarmed Combat
  4894 | D:4      | Reached XP level 7. HP: 46/55 MP: 7/7
  5163 | D:4      | Found a stormy altar of Qazlal.
  5839 | D:5      | Entered Level 5 of the Dungeon
  5870 | D:5      | Reached skill level 5 in Fighting
  6097 | D:5      | Reached skill level 7 in Unarmed Combat
  6346 | D:5      | Found an ancient bone altar of Kikubaaqudgha.
  6352 | D:5      | Found an iron altar of Okawaru.
  6353 | D:5      | Found a shimmering altar of Xom.
  6478 | D:5      | Reached skill level 1 in Evocations
  6771 | D:5      | Became a worshipper of Warmaster Okawaru
  6893 | D:5      | Reached XP level 8. HP: 58/63 MP: 9/9
  7646 | D:6      | Reached skill level 8 in Unarmed Combat
  7668 | D:6      | Reached * piety under Okawaru
  8873 | D:6      | Reached skill level 1 in Invocations
  8924 | D:6      | Gained mutation: Your demonic aura causes spilled blood to erupt in flames. [demonic ancestry]
  8924 | D:6      | Reached XP level 9. HP: 71/71 MP: 8/11
  9177 | D:7      | Found Uxkial's Jewellery Boutique.
  9413 | D:7      | Found Ynuawn's Antique Armour Shoppe.
  9434 | D:7      | Reached skill level 9 in Unarmed Combat
  9438 | D:7      | Found Tauxokhla's General Store.
  9488 | D:7      | Bought a scroll of identify for 24 gold pieces
  9488 | D:7      | Bought a scroll of identify for 24 gold pieces
  9488 | D:7      | Bought 3 scrolls of identify for 72 gold pieces
  9538 | D:7      | Reached ** piety under Okawaru
  9555 | D:7      | Noticed a cyclops
  9569 | D:7      | Reached skill level 5 in Invocations
  9576 | D:7      | Killed a cyclops
  9953 | D:7      | Found a staircase to the Ecumenical Temple.
  9981 | D:7      | Reached skill level 5 in Evocations
 10002 | D:7      | Reached *** piety under Okawaru
 10275 | D:7      | Reached XP level 10. HP: 75/79 MP: 14/14
 10282 | D:7      | Found Yddoi's Food Shoppe.
 10844 | D:8      | Noticed Vidiiot's ghost (novice DsSk)
 10886 | D:8      | Killed Vidiiot's ghost
 10886 | D:8      | Reached skill level 10 in Unarmed Combat
 11278 | D:8      | Reached **** piety under Okawaru
 12100 | D:8      | Noticed a three-headed hydra
 12116 | D:8      | Killed a three-headed hydra
 12116 | D:8      | Received a gift from Okawaru
 12526 | D:9      | Noticed a dagger
 12528 | D:9      | Noticed a hand axe
 12530 | D:9      | Found a hide-covered altar of Uskayaw.
 12604 | D:9      | Found a blossoming altar of Fedhas.
 12711 | D:9      | Reached ***** piety under Okawaru
 12924 | D:9      | Gained mutation: You have a pair of small antennae on your head. [demonic ancestry]
 12924 | D:9      | Reached XP level 11. HP: 78/87 MP: 18/18
 12985 | D:9      | Found a burning altar of Makhleb.
 13041 | D:9      | Found a sparkling altar of Nemelex Xobeh.
 13161 | D:10     | Entered Level 10 of the Dungeon
 13633 | D:10     | Reached skill level 10 in Invocations
 13657 | D:10     | Reached skill level 11 in Unarmed Combat
 14771 | D:10     | Received a gift from Okawaru
 15096 | D:11     | Found a staircase to the Lair.
 15853 | D:11     | Noticed a harpy
 15859 | D:11     | Killed a harpy
 15986 | D:11     | Noticed a sun demon
 15998 | D:11     | Received a gift from Okawaru
 16062 | D:11     | Noticed a two-headed ogre
 16068 | D:11     | Killed a two-headed ogre
 16068 | D:11     | Reached skill level 12 in Unarmed Combat
 16534 | Lair:1   | Entered Level 1 of the Lair of Beasts
 16628 | Lair:1   | Reached XP level 12. HP: 41/95 MP: 20/20
 17746 | Lair:1   | Noticed a six-headed hydra
 17752 | Lair:1   | Killed a six-headed hydra
 17923 | Lair:1   | Reached skill level 5 in Dodging
 18153 | Lair:2   | Reached skill level 10 in Fighting
 19404 | Lair:3   | Reached skill level 13 in Unarmed Combat
 20546 | Lair:3   | Received a gift from Okawaru
 20898 | Lair:4   | Gained mutation: You have a pair of antennae on your head. [demonic ancestry]
 20898 | Lair:4   | Reached XP level 13. HP: 91/103 MP: 21/21
 21458 | Lair:4   | Found a staircase to the Swamp.
 21823 | Lair:4   | Found a hole to the Spider Nest.
 22984 | Lair:5   | Received a gift from Okawaru
 23527 | Lair:6   | Entered Level 6 of the Lair of Beasts
 24240 | Lair:6   | Reached skill level 14 in Unarmed Combat
 24911 | Lair:6   | Found a viscous altar of Jiyva.
 24912 | Lair:6   | Found a staircase to the Slime Pits.
 25714 | Lair:6   | Reached ****** piety under Okawaru
 25990 | Lair:6   | Reached XP level 14. HP: 112/112 MP: 19/22
 26737 | Lair:6   | Received a gift from Okawaru
 26737 | Lair:6   | Reached skill level 10 in Evocations
 27088 | Lair:6   | HP: 4/114 [poison (poison gas)]
 28736 | D:12     | Found Fucvod's Antique Armour Shop.
 28749 | D:12     | Reached skill level 15 in Unarmed Combat
 28983 | D:12     | Received a gift from Okawaru
 28986 | D:12     | Got a polished scale mail {god gift}
 28997 | D:12     | Identified the +1 scale mail of Xevucuf {rCorr Str+2 Int+6 Stlth-} (Okawaru gifted it to you on level 12 of the Dungeon)
 31009 | D:12     | Found a staircase to the Orcish Mines.
 31429 | Orc:1    | Entered Level 1 of the Orcish Mines
 31431 | Orc:1    | Found Tachudep's Food Emporium.
 31529 | Orc:1    | Found a dark tunnel.
 31702 | Orc:2    | Entered Level 2 of the Orcish Mines
 31785 | Volcano  | Entered a volcano
 32015 | Volcano  | Noticed Haldmier's ghost (journeyman TeAE)
 32027 | Volcano  | Killed Haldmier's ghost
 32292 | Volcano  | Found a bloodstained altar of Trog.
 32935 | Orc:2    | Found a roughly hewn altar of Beogh.
 32976 | Orc:2    | Noticed an orc warlord
 33987 | Orc:2    | Paralysed by an orc sorcerer for 4 turns
 34254 | Orc:2    | Gained mutation: When hurt, damage is shared between your health and your magic reserves. [demonic ancestry]
 34254 | Orc:2    | Reached XP level 15. HP: 112/122 MP: 21/23
 34498 | Orc:2    | Found a roughly hewn altar of Beogh.
 34503 | Orc:2    | Paralysed by an orc sorcerer for 7 turns
 34780 | Orc:2    | Killed an orc warlord
 35033 | Orc:2    | Received a gift from Okawaru
 35074 | Orc:2    | Found Vocuiq's Antique Weapon Boutique.
 35449 | Orc:2    | Found Cinek's Antique Armour Boutique.
 35465 | Orc:2    | Found Voji's Jewellery Boutique.
 35481 | Orc:2    | Found Nys Piso's General Store.
 35488 | Orc:2    | Bought a scroll of magic mapping for 49 gold pieces
 35762 | Orc:2    | Found a staircase to the Elven Halls.
 35942 | D:12     | Reached skill level 10 in Dodging
 35942 | D:12     | Reached skill level 16 in Unarmed Combat
 35942 | D:12     | Gained mutation: You regenerate magic rapidly. [demonic ancestry]
 35942 | D:12     | Reached XP level 16. HP: 129/129 MP: 24/24
 36027 | D:13     | Found a gate to the Vaults.
 36339 | D:14     | Found Lupnar's Antique Armour Emporium.
 36354 | D:14     | Found Buozoxt's Armour Shoppe.
 36415 | D:14     | Found a labyrinth entrance.
 36438 | Lab      | Entered a labyrinth
 36686 | Lab      | Identified Ricliri's Reference Book on Displaced Snow
 36750 | D:13     | Found a frozen archway.
 36759 | IceCv    | Entered an ice cave
 37518 | IceCv    | Received a gift from Okawaru
 37521 | IceCv    | Got a translucent scale mail {god gift}
 37522 | IceCv    | Identified the +5 scale mail of Okawaru's Envy {rElec rPois rF++ Stlth+} (Okawaru gifted it to you in an ice cave)
 38604 | D:14     | Found Kezupn's Assorted Antiques.
 38633 | D:14     | Bought a scroll labeled WOTHRE MAPLE for 29 gold pieces
 38634 | D:14     | Got a flickering silver ring
 38636 | D:14     | Identified the ring of the Will of the Gods {Wiz rF+ Stlth+} (You acquired it on level 14 of the Dungeon)
 38809 | D:14     | Found a sparkling altar of Nemelex Xobeh.
 39276 | D:15     | Entered Level 15 of the Dungeon
 39305 | D:15     | Found a shimmering altar of Xom.
 39329 | D:15     | Reached skill level 17 in Unarmed Combat
 39608 | D:15     | Found a staircase to the Depths.
 39697 | D:15     | Received a gift from Okawaru
 39840 | D:15     | Gained mutation: When low on magic, you restore magic in place of health. [demonic ancestry]
 39840 | D:15     | Reached XP level 17. HP: 130/137 MP: 24/26
 40553 | Spider:1 | Entered Level 1 of the Spider Nest
 41327 | Spider:1 | Received a gift from Okawaru
 41330 | Spider:1 | Got a crude scarf {god gift}
 41341 | Spider:1 | Identified the scarf of the Bagpipe {-Tele MR+ Str+2} (Okawaru gifted it to you on level 1 of the Spider Nest)
 43773 | Spider:2 | Noticed Donald
 44149 | Spider:2 | Killed Donald
 44166 | Spider:2 | Reached skill level 18 in Unarmed Combat
 46148 | Spider:4 | Entered Level 4 of the Spider Nest
 46200 | Spider:4 | Received a gift from Okawaru
 46279 | Spider:4 | Noticed Arachne
 46291 | Spider:4 | Paralysed by a hornet for 2 turns
 47698 | Spider:4 | Reached skill level 1 in Armour
 48661 | Spider:4 | Reached XP level 18. HP: 124/146 MP: 24/27
 49043 | Spider:4 | Received a gift from Okawaru
 49470 | Spider:4 | Killed Arachne
 50488 | Spider:4 | Got a gossamer rune of Zot
 50912 | Spider:4 | HP: 7/147 [something (13)]
 50912 | Spider:4 | Slain by a ghost moth

Skill      XL: |  1  2  3  4  5  6  7  8  9 10 11 12 13 14 15 16 17 18 |
---------------+-------------------------------------------------------+-----
Unarmed Combat | 3 4 5 6 7 8 9 10 12 13 14 15 16 17 18 | 18.7
Fighting       | 3 4 5 6 7 8 9 10 11 12 13 14 | 14.3
Evocations     | 1 3 5 6 7 8 9 11 12 13 | 13.0
Invocations    | 2 6 9 10 | 10.6
Dodging        | 4 6 7 9 10 11 12 | 12.2
Armour         | 1 3 |  3.1
Throwing       | |  1.7

Action                   |  1- 3 |  4- 6 |  7- 9 | 10-12 | 13-15 | 16-18 || total
-------------------------+-------+-------+-------+-------+-------+-------++-------
Melee: Unarmed           |   165 |   150 |   603 |   692 |  1152 |  1622 ||  4384
       Punch             |     1 |     5 |    34 |    55 |   119 |   195 ||   409
Throw: Throwing net      |     3 |       |       |       |       |       ||     3
Invok: Heroism           |       |       |     4 |    19 |    22 |    20 ||    65
       Finesse           |       |       |       |       |     1 |     3 ||     4
 Abil: Evoke Berserk Rag |       |     1 |     1 |       |     2 |       ||     4
       Evoke Invisibilit |       |       |       |       |     1 |     2 ||     3
Evoke: Wand              |       |       |     1 |     5 |     4 |    20 ||    30
  Use: Potion            |     3 |     2 |     2 |     2 |     5 |     5 ||    19
       Scroll            |       |    10 |     4 |     8 |     9 |    14 ||    45
 Stab: Sleeping          |     1 |     3 |     3 |       |       |     4 ||    11
       Distracted        |       |       |     1 |     1 |       |     3 ||     5
       Invisible         |       |       |       |       |     5 |    28 ||    33
       Confused          |       |       |       |       |       |     2 ||     2
       Held in net/web   |       |       |       |       |       |     1 ||     1
       Paralysed         |       |       |       |       |       |     1 ||     1
       Fleeing           |       |       |       |       |       |     1 ||     1
  Eat: Chunk             |     4 |     9 |    17 |    33 |    45 |    38 ||   146
       Fruit             |       |       |     2 |     1 |     4 |     2 ||     9
       Royal jelly       |       |       |       |       |     1 |     3 ||     4
       Meat ration       |       |       |       |       |       |     1 ||     1
Armor: Leather armour    |    71 |    31 |   199 |   189 |   103 |       ||   593
       Skin              |     5 |    35 |       |       |       |       ||    40
       Scale mail        |       |       |       |       |   174 |   649 ||   823
Dodge: Dodged            |   128 |    72 |   359 |   437 |   715 |  1270 ||  2981
